 Dungeon Crawl Stone Soup version 0.21.1-1-g345015fe64 (webtiles) character file.

411 Araneus the Poker (level 6, -9/47 HPs)
             Began as a Mummy Fighter on June 25, 2018.
             Mangled by Crazy Yiuf
             ... wielding a +3 quarterstaff of chaos
              (13 damage)
             ... on level 3 of the Dungeon.
             The game lasted 00:04:42 (2378 turns).

Araneus the Poker (Mummy Fighter)                   Turns: 2378, Time: 00:04:42

Health: -9/47      AC:  6    Str: 22    XL:     6   Next: 58%
Magic:  6/6        EV:  7    Int:  7    God:
Gold:   156        SH: 10    Dex: 11    Spells: 5/5 levels left

rFire    x . .     SeeInvis .   a - +0 trident
rCold    + . .     Gourm    .   c - +1 shield
rNeg     + + +     Faith    .   b - +0 scale mail
rPois    ∞         Spirit   .   (no helmet)
rElec    .         Reflect  .   (no cloak)
rCorr    .         Harm     .   (no gloves)
MR       .....                  (no boots)
Stlth    ..........             (no amulet)
HPRegen  0.15/turn              (no ring)
MPRegen  0.10/turn              (no ring)

@: no status effects
A: no food or potions, fire vulnerability, cold resistance 1, negative energy
resistance 3, torment resistance, unbreathing
a: no special abilities


You were on level 3 of the Dungeon.
You were not hungry.

You visited 1 branch of the dungeon, and saw 3 of its levels.

You collected 156 gold pieces.

Inventory:

Hand Weapons
 a - a +0 trident (weapon)
Armour
 b - a +0 scale mail (worn)
 c - a +1 shield (worn)
Jewellery
 f - an uncursed amulet of guardian spirit {unknown}
Scrolls
 d - a scroll of enchant armour
 e - a scroll of immolation
 h - a scroll of random uselessness {unknown}
 i - a scroll of identify {unknown}
Books
 g - a book of Cantrips

   Spells                             Type                      Level
   a - Confusing Touch                Hexes                        1
   b - Animate Skeleton               Necromancy                   1
   c - Summon Small Mammal            Summoning                    1
   d - Apportation                    Translocation                1


   Skills:
 - Level 3.0 Fighting
 + Level 5.9 Polearms
 - Level 2.4 Armour
 - Level 2.4 Shields


You had 5 spell levels left.
You didn't know any spells.

Dungeon Overview and Level Annotations

Branches:
Dungeon (3/15)

Altars:
Okawaru

Annotations:
D:2 Sigismund!, Sigmund
D:3 Crazy Yiuf


Innate Abilities, Weirdness & Mutations

You do not eat or drink.
Your flesh is vulnerable to fire.
You are immune to poison.
Your flesh is cold resistant. (rC+)
You are immune to negative energy. (rN+++)
You are immune to unholy pain and torment.
You can survive without breathing.


Message History

Crazy Yiuf is severely wounded.
Crazy Yiuf hits you with a quarterstaff of chaos!
Crazy Yiuf freezes you.
You hit Crazy Yiuf.
Crazy Yiuf is severely wounded.
Crazy Yiuf hits you with a quarterstaff of chaos.
Crazy Yiuf freezes you.
You barely miss Crazy Yiuf.
Crazy Yiuf is severely wounded.
Crazy Yiuf yells, "Peeping ragdoll Orb Guardian!"
You block Crazy Yiuf's attack.
You completely miss Crazy Yiuf.
Crazy Yiuf is severely wounded.
You block Crazy Yiuf's attack.
You closely miss Crazy Yiuf.
Crazy Yiuf is severely wounded.
Crazy Yiuf hits you with a quarterstaff of chaos!
* * * LOW HITPOINT WARNING * * *
You convulse!
You die...

#...................#
######
#.......###########.#
.....####......# #.##
..........###### #..#
####.#....# ##.#
####.#.#..# #.#
.....#.#..# ####
♣♣###.# .#####.#..#
#)..#♣♣ ♣♣.....# .#
#.#..#
#..g@.♣♣♣♣......# .#
#.#..#
#...#♣..♣......## .#
#.#..# ####
♣♣♣.♣....## ## #.#..#
♣♣♣♣♣### # ####....#
# #.......# #
#.......##### #
#.......+..<####### #
#.......##..#.....#


You could see Crazy Yiuf.

Vanquished Creatures
  Grinder (D:3)
  Jessica (D:3)
  Terence (D:2)
  Natasha (thrice) (D:3)
  3 adders (D:3)
  2 oozes
  A dart slug (D:2)
  A leopard gecko (D:1)
  5 orcs (D:3)
  2 ball pythons
  6 bats
  3 giant cockroaches
  4 goblins
  7 hobgoblins
  3 jackals (D:3)
  A kobold (D:1)
  A quokka (D:3)
  2 frilled lizards
  5 rats
52 creatures vanquished.

Notes
Turn   | Place    | Note
-------+----------+-------------------------------------------
     0 | D:1      | Araneus the Mummy Fighter began the quest for the Orb.
     0 | D:1      | Reached XP level 1. HP: 18/18 MP: 1/1
   100 | D:1      | Reached skill level 2 in Polearms
   203 | D:1      | Reached XP level 2. HP: 20/24 MP: 2/2
   744 | D:2      | Noticed Terence
   754 | D:2      | Killed Terence
   754 | D:2      | Reached skill level 3 in Polearms
   754 | D:2      | Reached XP level 3. HP: 23/29 MP: 3/3
  1104 | D:2      | Noticed Sigmund
  1260 | D:3      | Noticed Natasha
  1269 | D:3      | Killed Natasha
  1269 | D:3      | Reached XP level 4. HP: 10/35 MP: 4/4
  1552 | D:3      | Reached skill level 4 in Polearms
  1737 | D:3      | Noticed Jessica
  1759 | D:3      | Killed Jessica
  1770 | D:3      | Reached XP level 5. HP: 40/41 MP: 5/5
  1799 | D:3      | Noticed Grinder
  1807 | D:3      | Paralysed by Grinder for 3 turns
  1829 | D:3      | Paralysed by Grinder for 6 turns
  1845 | D:3      | Killed Grinder
  1845 | D:3      | Reached skill level 5 in Polearms
  1845 | D:3      | Reached XP level 6. HP: 40/47 MP: 6/6
  1985 | D:3      | Noticed Natasha
  1989 | D:3      | Killed Natasha
  2068 | D:3      | Noticed Natasha
  2080 | D:3      | Killed Natasha
  2145 | D:3      | Found a runed door.
  2224 | D:3      | Found an iron altar of Okawaru.
  2367 | D:3      | Noticed Crazy Yiuf
  2378 | D:3      | Mangled by Crazy Yiuf

Skill      XL: |  1  2  3  4  5 |
---------------+----------------+-----
Polearms       | 2 3 4 5 |  5.9
Fighting       | |  3.0
Armour         | |  2.4
Shields        | |  2.4

Action                   |  1- 3 |  4- 6 || total
-------------------------+-------+-------++-------
Melee: Trident           |    97 |   160 ||   257
  Use: Scroll            |     4 |       ||     4
Armor: Scale mail        |    31 |    46 ||    77
Dodge: Dodged            |    25 |    31 ||    56
Block: Shield            |    34 |    62 ||    96
